 Dungeon Crawl Stone Soup version 0.31.0-11-ge490571c62 (webtiles) character file.

Game seed: 12941495979188108904

69010 qw the Acrobat (level 14, -15/73 HPs)
             Began as a Spriggan Hunter on Feb 4, 2024.
             Was the Champion of Okawaru.
             Shot with a bolt by a yaktaur (20 damage)
             ... on level 15 of the Dungeon.
             The game lasted 00:02:49 (17470 turns).

qw the Acrobat (Spriggan Hunter)                   Turns: 17470, Time: 00:02:50

Health: -15/73     AC:  7    Str:  6 (7)  XL:     14   Next: 88%
Magic:  2/22       EV: 46    Int: 13 (15) God:    Okawaru [******]
Gold:   842        SH:  0    Dex: 29      Spells: 13/13 levels left

rFire   + + .        B - +3 orcbow (flame)
rCold   + . .        (shield currently unavailable)
rNeg    . . .        A - +5 robe of the Cricket {rF+ Will- Int+4}
rPois   +            (helmet restricted)
rElec   .            f - scarf {rC+ rF+}
rCorr   .            (gloves unavailable)
SInv    +            (boots unavailable)
Will    +....        r - amulet of faith
Stlth   +++          b - +6 ring of dexterity
HPRegen 0.32/turn    l - ring of poison resistance
MPRegen 0.18/turn

%: faith
@: about to teleport, finesse-ful, very quick
A: very small, no large weapons, unfitting armour, see invisible, speed 3
a: Renounce Religion, Heroism, Finesse, Duel


You were on level 15 of the Dungeon.
You worshipped Okawaru.
Okawaru was exalted by your worship.
You visited 3 branches of the dungeon, and saw 21 of its levels.

You collected 1087 gold pieces.
You spent 245 gold pieces at shops.


Innate Abilities, Weirdness & Mutations

You are very small and have problems with some larger weapons.
You are too small for most types of armour.
You have supernaturally acute eyesight. (SInv)
You cover ground extremely quickly. (Speed+++)


   Skills:
 - Level 8.0 Fighting
 - Level 16.0 Ranged Weapons
 - Level 1.3 Armour
 + Level 21.6 Dodging
 - Level 1.5 Stealth
 - Level 10.0 Invocations


You had 13 spell levels left.
You didn't know any spells.
Your spell library was empty.

Inventory:

Hand Weapons
 B - a +3 orcbow of flaming (weapon)
Armour
 f - a scarf of resistance (worn)
 j - a +2 cloak
 A - the +5 robe of the Cricket (worn) {rF+ Will- Int+4}
   (Okawaru gifted it to you on level 5 of the Lair of Beasts)

   Int+4:     It affects your intelligence (+4).
   rF+:       It protects you from fire.
   Will-:     It decreases your willpower.
Jewellery
 b - a +6 ring of dexterity (left hand)
 i - an amulet of guardian spirit
 l - a ring of poison resistance (right hand)
 r - an amulet of faith (around neck)
 s - a ring of positive energy
 u - a ring of fire
 v - a ring of ice
 x - a ring of willpower
Wands
 h - a wand of mindburst (12)
 k - a wand of roots (22)
 o - a wand of polymorph (9)
 p - a wand of paralysis (13)
Scrolls
 w - a scroll of enchant armour
Potions
 a - a potion of experience {unknown}
 c - 4 potions of enlightenment
 d - 3 potions of heal wounds
 e - 10 potions of curing
 g - a potion of might
 m - a potion of magic
 n - 5 potions of mutation
 q - a potion of cancellation
 t - a potion of resistance
 C - a potion of haste

Dungeon Overview and Level Annotations

Branches:
Dungeon (15/15)            Temple (1/1) D:7            Lair (5/5) D:8
  Swamp (0/4) Lair:2        Snake (0/4) Lair:3        Slime (0/5) Lair:4
    Orc (0/2) D:10         Vaults (0/5) D:13         Depths (0/4) D:15

Altars:
Ashenzari
Cheibriados
Dithmenos
Elyvilon
Fedhas
Gozag
Hepliaklqana
Kikubaaqudgha
Makhleb
Nemelex Xobeh
Okawaru
Qazlal
Ru
Sif Muna
Trog
Uskayaw
Vehumet
Wu Jian
Xom
Yredelemnul
Zin
The Shining One

Shops:
D:1 !   D:3 !   D:8 !

Annotations:
D:3 2 transporters
D:7 3 runed translucent doors, qw's ghost, novice SpHu
Lair:4 1 runed translucent door


Message History

Okawaru accepts your kill.
The ghost moth's shape twists and changes as it dies.
You shoot an arrow. The arrow hits the occultist!
The arrow burns the occultist.
The occultist is almost dead.
You shoot an arrow. The arrow hits the occultist!
The arrow burns the occultist.
You kill the occultist!
Okawaru accepts your kill.
You shoot an arrow.
The arrow hits the hell knight but does no damage.
You shoot an arrow. The arrow hits the hell knight!
The hell knight is lightly wounded.
The hell knight misses you.
You shoot an arrow. The arrow hits the hell knight!
The hell knight is moderately wounded.
You shoot an arrow.
The arrow closely misses the polar bear.
You shoot an arrow. The arrow hits the polar bear.
The arrow burns the polar bear.
The polar bear is severely wounded.
The polar bear completely misses you. x2; The polar bear claws you.
A salamander mystic comes into view. It is wielding a +0 dagger.
You shoot an arrow. The arrow hits the polar bear.
The arrow burns the polar bear.
The polar bear is almost dead.
Your surroundings suddenly seem different.
A yaktaur comes into view.
It is wielding a +1 arbalest of freezing.
Found a potion of curing, a smoky gem and a club.
17467 ||| FLEEEEING.
The yaktaur shouts!
Enter note:
Enter note:
17468 ||| RETREEEEATING.
The yaktaur shoots a bolt.
The bolt completely misses you.
17469 ||| FLEEEEING.
The yaktaur shoots a bolt.
The bolt hits you!! The bolt freezes you.
17470 ||| READING scroll of teleportation.
As you read the scroll of teleportation, it crumbles to dust.
You feel strangely unstable.
The yaktaur shoots a bolt.
The bolt hits you!!
You die...

.##.## .....# .c..#
#...# ....# #+##...####
#'#'### #. ..........
#......... #.......
.#.#.#!.... ......
$.#.........
#...#####N#.#@..#####.
#...#..p%N....(.....+
#%....#)#.^..>.$..#.#
#...#...+.....$.....+
#####'##...#####...#.#.#
...#......... ....#.).#
.#.'.#...#.).# #...#.#.#
...#...............# .#
...#####...####


You could see a hell knight, a salamander and a yaktaur.

Vanquished Creatures
  Rupert (D:14)
  A ghost moth (shapeshifter) (D:15)
  An eleionoma (Lair:2)
  A fire dragon (D:15)
  Fannar (Lair:2)
  Josephine (D:12)
  6 hydras
  A boulder beetle (D:14)
  A catoblepas (D:15)
  5 death yaks (Lair:1)
  3 two-headed ogres
  An occultist (D:15)
  Urug (Lair:4)
  A fire crab (D:15)
  A skyshark (Lair:1)
  3 skeletal warriors (D:14)
  2 arcanists (D:15)
  A deep elf pyromancer (D:13)
  2 manticores (D:12)
  2 deep elf zephyrmancers
  2 orc knights (D:13)
  11 ugly things
  2 cyclopes (D:12)
  A black mamba (Lair:2)
  17 elephants (Lair:5)
  17 cane toads
  A molten gargoyle (D:15)
  Maggie (D:6)
  3 gargoyles
  A kobold demonologist (D:12)
  3 komodo dragons
  A freezing wraith (D:14)
  3 unseen horrors
  9 rime drakes
  An efreet (D:13)
  2 trolls
  A polar bear (Lair:3)
  18 blink frogs
  A wolf spider simulacrum (D:15)
  A raiju (D:15)
  A hornet (Lair:1)
  2 shadows
  A raiju (shapeshifter) (D:15)
  A vampire (D:9)
  2 water elementals (D:15)
  40 yaks
  9 wraiths
  10 wyverns
  Grum (D:11)
  A warg (D:12)
  A steam dragon (D:8)
  8 vampire mosquitoes
  7 basilisks
  An acid dragon (D:8)
  3 nagas (Lair:3)
  2 hell hounds (Lair:5)
  14 water moccasins
  A meliai simulacrum (D:15)
  2 ice beasts
  5 black bears
  4 orc warriors
  2 laughing skulls (D:10)
  2 centaurs
  11 wolves
  A phantom (D:6)
  Blork the orc (D:4)
  16 bullfrogs
  2 kobold brigands
  A gnoll sergeant (D:11)
  5 scorpions
  8 wights
  13 killer bees
  14 howler monkeys
  An electric eel (Lair:2)
  2 hounds
  3 jellies
  6 orc priests
  4 sleepcaps
  3 iguanas
  9 orc wizards
  5 hell rats (Lair:5)
  5 adders
  13 gnolls
  2 shadow imps
  An adder skeleton (D:2)
  2 ribbon worms
  5 dart slugs
  34 orcs
  9 ball pythons
  4 bats
  A bat zombie (D:2)
  7 endoplasms
  7 giant cockroaches
  7 goblins
  5 hobgoblins
  6 jackals
  7 kobolds
  5 quokkas
  2 ball python skeletons (D:2)
  2 ball python zombies (D:2)
  4 frilled lizards
  2 giant cockroach zombies (D:2)
  A quokka skeleton (D:2)
488 creatures vanquished.

Vanquished Creatures (others)
  A vampire (D:13)
  A centaur simulacrum (D:11)
  An ogre (D:4)
3 creatures vanquished.

Grand Total: 491 creatures vanquished

Notes
Turn   | Place    | Note
-------+----------+-------------------------------------------
     0 | D:1      | qw the Spriggan Hunter began the quest for the Orb.
     0 | D:1      | Reached XP level 1. HP: 10/10 MP: 2/2
     0 | D:1      | 0 ||| qw: Version: 0.3-a-160-g6735b56
     0 | D:1      | 0 ||| qw: Game counter: 4602
     0 | D:1      | 0 ||| qw: Melee chars always use a shield: true
     0 | D:1      | 0 ||| qw: God list: Okawaru
     0 | D:1      | 0 ||| qw: Allow faded altars: false
     0 | D:1      | 0 ||| qw: Do Orc after clearing Dungeon:15 true
     0 | D:1      | 0 ||| qw: Do second Lair branch before Depths: true
     0 | D:1      | 0 ||| qw: Lair rune preference: random
     0 | D:1      | 0 ||| qw: Goals: Normal
     0 | D:1      | 0 ||| PLANNING D:1-11
    23 | D:1      | Reached skill level 3 in Dodging
    47 | D:1      | Reached XP level 2. HP: 11/14 MP: 3/3
   458 | D:1      | Reached skill level 4 in Dodging
   566 | D:1      | Found Laluggur's Distillery.
   577 | D:1      | 577 ||| SHOPLISTING potion of curing (30 gold, have 24).
   577 | D:1      | 577 ||| SHOPLISTING potion of enlightenment (50 gold, have
                  | 24).
   577 | D:1      | 577 ||| SHOPLISTING potion of heal wounds (50 gold, have
                  | 24).
   800 | D:1      | 800 ||| READING scroll labelled WOCKYC LASEFU.
   800 | D:1      | 800 ||| IDENTIFYING lumpy orange potion
   801 | D:1      | 801 ||| READING scroll labelled IHEESHR ODGHEYC.
   802 | D:1      | 802 ||| DRINKING 2 smoky ruby potions.
   803 | D:1      | 803 ||| DROPPING scroll of butterflies.
   851 | D:2      | Reached XP level 3. HP: 18/18 MP: 4/4
  1143 | D:2      | Reached XP level 4. HP: 22/22 MP: 5/5
  1222 | D:2      | 1222 ||| UPGRADING to amulet of guardian spirit.
  1227 | D:2      | 1227 ||| UPGRADING to +6 ring of dexterity.
  1228 | D:2      | 1228 ||| READING scroll of identify.
  1228 | D:2      | 1228 ||| IDENTIFYING smoky purple potion
  1229 | D:2      | 1229 ||| READING scroll labelled TAKU IQIPH.
  1230 | D:2      | 1230 ||| READING scroll labelled NYTOPH WOKEXE.
  1331 | D:2      | 1331 ||| DRINKING 2 yellow potions.
  1332 | D:2      | 1332 ||| DROPPING potion of lignification.
  1378 | D:3      | Noticed a scorpion
  1385 | D:3      | Killed a scorpion
  1386 | D:3      | Reached skill level 5 in Dodging
  1389 | D:3      | HP: 1/22 [sleepcap (7)]
  1390 | D:3      | 1390 ||| DRINKING potion of heal wounds.
  1395 | D:3      | Reached skill level 6 in Dodging
  1395 | D:3      | Reached XP level 5. HP: 23/25 MP: 0/6
  1576 | D:3      | Found Viufye's Distillery.
  1613 | D:3      | 1613 ||| SHOPLISTING 2 potions of heal wounds (100 gold,
                  | have 65).
  1613 | D:3      | 1613 ||| SHOPLISTING potion of haste (100 gold, have 65).
  1613 | D:3      | 1613 ||| BUYING potion of heal wounds (50 gold).
  1613 | D:3      | Bought a potion of heal wounds for 50 gold pieces
  1613 | D:3      | 1613 ||| SHOPLISTING potion of might (40 gold, have 15).
  1613 | D:3      | 1613 ||| SHOPLISTING potion of mutation (80 gold, have 15).
  1624 | D:3      | Found a transporter.
  1817 | D:3      | Found a transporter.
  1823 | D:3      | 1823 ||| RETREEEEATING.
  1832 | D:3      | Reached XP level 6. HP: 32/32 MP: 7/7
  2071 | D:3      | 2071 ||| READING scroll of identify.
  2071 | D:3      | 2071 ||| IDENTIFYING 2 silvery potions
  2072 | D:3      | 2072 ||| READING scroll labelled KOSSETW MUMULU.
  2106 | D:4      | Found a shadowy altar of Dithmenos.
  2267 | D:4      | Reached skill level 6 in Ranged Weapons
  2378 | D:4      | Noticed Blork the orc
  2389 | D:4      | Killed Blork the orc
  2466 | D:4      | Reached skill level 7 in Dodging
  2466 | D:4      | Reached XP level 7. HP: 35/35 MP: 8/8
  2797 | D:4      | 2797 ||| UPGRADING to +0 cloak.
  2802 | D:4      | 2802 ||| READING scroll labelled ICOMEDWELAZ.
  2802 | D:4      | 2802 ||| BRANDING +0 shortbow.
  2803 | D:4      | 2803 ||| READING scroll labelled ZYUKLE HUICOEX.
  2822 | D:5      | Entered Level 5 of the Dungeon
  3292 | D:5      | Reached skill level 8 in Dodging
  3439 | D:5      | Reached skill level 9 in Dodging
  3479 | D:5      | HP: 6/35 [orc priest/divine providence (9)]
  3480 | D:5      | 3480 ||| DRINKING 3 potions of heal wounds.
  3485 | D:5      | Reached XP level 8. HP: 27/39 MP: 2/9
  3743 | D:5      | 3743 ||| READING 3 scrolls of identify.
  3743 | D:5      | 3743 ||| IDENTIFYING bubbling dark potion
  3744 | D:5      | 3744 ||| READING 2 scrolls of identify.
  3744 | D:5      | 3744 ||| IDENTIFYING fizzy silvery potion
  3745 | D:5      | 3745 ||| READING scroll of identify.
  3745 | D:5      | 3745 ||| IDENTIFYING fizzy emerald potion
  3746 | D:5      | 3746 ||| READING scroll labelled FOUS RERUSUEBEI.
  3747 | D:5      | 3747 ||| DROPPING potion of magic.
  3748 | D:5      | 3748 ||| DROPPING potion of brilliance.
  3849 | D:6      | Noticed Maggie
  3850 | D:6      | 3850 ||| DRINKING potion of haste.
  3867 | D:6      | Killed Maggie
  4070 | D:6      | Reached skill level 3 in Fighting
  4138 | D:6      | Found an ornate altar of the Wu Jian Council.
  4138 | D:6      | Found a hide-covered altar of Uskayaw.
  4139 | D:6      | Found a broken altar of Ashenzari.
  4168 | D:6      | Found a glowing silver altar of Zin.
  4503 | D:6      | 4503 ||| UPGRADING to +0 steam dragon scales.
  4513 | D:6      | 4513 ||| DROPPING +0 robe.
  4514 | D:6      | 4514 ||| READING 2 scrolls of identify.
  4514 | D:6      | 4514 ||| IDENTIFYING fuming ruby potion
  4515 | D:6      | 4515 ||| DROPPING potion of attraction.
  4643 | D:7      | Reached skill level 9 in Ranged Weapons
  4664 | D:7      | Reached skill level 1 in Armour
  4841 | D:7      | 4841 ||| RETREEEEATING.
  4844 | D:7      | 4844 ||| RETREEEEATING.
  4847 | D:7      | 4847 ||| RETREEEEATING.
  4893 | D:7      | Found a runed translucent gate.
  4895 | D:7      | Found a runed translucent gate.
  4896 | D:7      | Found a runed translucent gate.
  4896 | D:7      | Noticed qw's ghost (novice SpHu)
  4979 | D:7      | Reached skill level 10 in Dodging
  5016 | D:7      | Found a staircase to the Ecumenical Temple.
  5017 | D:7      | 5017 ||| PLANNING TEMPLE
  5017 | D:7      | 5017 ||| UPGRADING to ring of poison resistance.
  5018 | D:7      | 5018 ||| READING scroll of identify.
  5018 | D:7      | 5018 ||| IDENTIFYING 2 fuming emerald potions
  5026 | Temple   | Entered the Ecumenical Temple
  5027 | Temple   | 5027 ||| PLANNING OKAWARU WORSHIP
  5034 | Temple   | Became a worshipper of Warmaster Okawaru
  5035 | Temple   | 5035 ||| PLANNING D:1-11
  5035 | Temple   | 5035 ||| REMOVING amulet of guardian spirit.
  5494 | D:8      | Reached XP level 9. HP: 44/44 MP: 10/10
  5520 | D:8      | 5520 ||| RETREEEEATING.
  5529 | D:8      | 5529 ||| RETREEEEATING.
  5530 | D:8      | 5530 ||| RETREEEEATING.
  5531 | D:8      | 5531 ||| RETREEEEATING.
  5535 | D:8      | 5535 ||| ZAPPING wand of mindburst (13) at -1,0 (black
                  | bear; floor).
  5538 | D:8      | Reached skill level 11 in Dodging
  5543 | D:8      | Reached * piety under Okawaru
  5561 | D:8      | 5561 ||| RETREEEEATING.
  5568 | D:8      | Reached skill level 1 in Invocations
  5685 | D:8      | Found Upoprilu's Distillery.
  5694 | D:8      | 5694 ||| BUYING potion of enlightenment (65 gold).
  5694 | D:8      | Bought a potion of enlightenment for 65 gold pieces
  5694 | D:8      | 5694 ||| BUYING potion of enlightenment (65 gold).
  5694 | D:8      | Bought a potion of enlightenment for 65 gold pieces
  5694 | D:8      | 5694 ||| BUYING potion of heal wounds (65 gold).
  5694 | D:8      | Bought a potion of heal wounds for 65 gold pieces
  5694 | D:8      | 5694 ||| SHOPLISTING potion of might (52 gold, have 9).
  5831 | D:8      | Reached skill level 3 in Invocations
  6154 | D:8      | Found a staircase to the Lair.
  6170 | D:8      | 6170 ||| PLANNING LAIR
  6170 | D:8      | 6170 ||| UPGRADING to amulet of faith.
  6175 | D:8      | 6175 ||| READING 2 scrolls of identify.
  6175 | D:8      | 6175 ||| IDENTIFYING lumpy puce potion
  6176 | D:8      | 6176 ||| READING scroll of identify.
  6176 | D:8      | 6176 ||| IDENTIFYING coppery potion
  6177 | D:8      | 6177 ||| READING scroll labelled LOCUIS XIUD.
  6178 | D:8      | 6178 ||| DROPPING potion of ambrosia.
  6179 | D:8      | 6179 ||| DROPPING potion of berserk rage.
  6194 | Lair:1   | Entered Level 1 of the Lair of Beasts
  6270 | Lair:1   | Reached ** piety under Okawaru
  6292 | Lair:1   | Noticed a death yak
  6293 | Lair:1   | 6293 ||| INVOKING Heroism.
  6295 | Lair:1   | Noticed a death yak
  6295 | Lair:1   | Noticed a death yak
  6296 | Lair:1   | 6296 ||| RETREEEEATING.
  6296 | Lair:1   | Noticed a death yak
  6296 | Lair:1   | Noticed a death yak
  6308 | Lair:1   | Killed a death yak
  6308 | Lair:1   | Reached *** piety under Okawaru
  6309 | Lair:1   | Reached skill level 12 in Dodging
  6309 | Lair:1   | Reached XP level 10. HP: 49/49 MP: 12/14
  6316 | Lair:1   | Noticed a cane toad
  6325 | Lair:1   | 6325 ||| INVOKING Heroism.
  6332 | Lair:1   | Killed a cane toad
  6333 | Lair:1   | HP: 5/49 [death yak (20)]
  6334 | Lair:1   | 6334 ||| READING 2 scrolls of teleportation.
  6335 | Lair:1   | 6335 ||| DRINKING 6 potions of heal wounds.
  6513 | Lair:1   | Noticed a cane toad
  6514 | Lair:1   | 6514 ||| INVOKING Heroism.
  6520 | Lair:1   | Killed a cane toad
  6557 | Lair:1   | 6557 ||| RETREEEEATING.
  6558 | Lair:1   | 6558 ||| RETREEEEATING.
  6559 | Lair:1   | 6559 ||| RETREEEEATING.
  6560 | Lair:1   | 6560 ||| RETREEEEATING.
  6561 | Lair:1   | 6561 ||| INVOKING Heroism.
  6631 | Lair:1   | Noticed a cane toad
  6632 | Lair:1   | 6632 ||| INVOKING Heroism.
  6642 | Lair:1   | Killed a cane toad
  6668 | Lair:1   | 6668 ||| RETREEEEATING.
  6670 | Lair:1   | Reached skill level 13 in Dodging
  6675 | Lair:1   | 6675 ||| RETREEEEATING.
  6689 | Lair:1   | Reached **** piety under Okawaru
  6716 | Lair:1   | 6716 ||| RETREEEEATING.
  6717 | Lair:1   | 6717 ||| RETREEEEATING.
  6971 | Lair:1   | 6971 ||| INVOKING Finesse.
  6972 | Lair:1   | 6972 ||| INVOKING Finesse.
  6973 | Lair:1   | 6973 ||| INVOKING Finesse.
  6980 | Lair:1   | 6980 ||| RETREEEEATING.
  6984 | Lair:1   | 6984 ||| RETREEEEATING.
  6989 | Lair:1   | 6989 ||| RETREEEEATING.
  6992 | Lair:1   | Killed a death yak
  6993 | Lair:1   | Reached skill level 12 in Ranged Weapons
  7000 | Lair:1   | 7000 ||| RETREEEEATING.
  7001 | Lair:1   | 7001 ||| RETREEEEATING.
  7002 | Lair:1   | 7002 ||| RETREEEEATING.
  7003 | Lair:1   | 7003 ||| RETREEEEATING.
  7004 | Lair:1   | 7004 ||| INVOKING Finesse.
  7022 | Lair:1   | Killed a death yak
  7023 | Lair:1   | Reached XP level 11. HP: 18/53 MP: 7/16
  7032 | Lair:1   | HP: 4/53 [death yak (15)]
  7033 | Lair:1   | 7033 ||| READING scroll of teleportation.
  7034 | Lair:1   | 7034 ||| DRINKING 5 potions of heal wounds.
  7155 | Lair:1   | 7155 ||| INVOKING Finesse.
  7156 | Lair:1   | 7156 ||| INVOKING Finesse.
  7180 | Lair:1   | Killed a death yak
  7181 | Lair:1   | Reached skill level 6 in Invocations
  7202 | Lair:1   | Killed a death yak
  7304 | Lair:1   | 7304 ||| INVOKING Finesse.
  7447 | Lair:1   | 7447 ||| RETREEEEATING.
  7450 | Lair:1   | 7450 ||| RETREEEEATING.
  7455 | Lair:1   | 7455 ||| INVOKING Finesse.
  7484 | Lair:1   | Reached skill level 14 in Dodging
  7636 | Lair:2   | Noticed a skyshark
  7637 | Lair:2   | 7637 ||| STAIRDANCE
  7639 | Lair:1   | Reached ***** piety under Okawaru
  7642 | Lair:2   | 7642 ||| STAIRDANCE
  7693 | Lair:2   | 7693 ||| INVOKING Finesse.
  7694 | Lair:2   | 7694 ||| STAIRDANCE
  7712 | Lair:1   | Killed a skyshark
  7757 | Lair:2   | Noticed a five-headed hydra
  7758 | Lair:2   | 7758 ||| INVOKING Finesse.
  7770 | Lair:2   | Killed a five-headed hydra
  7845 | Lair:2   | 7845 ||| RETREEEEATING.
  7847 | Lair:2   | 7847 ||| RETREEEEATING.
  7849 | Lair:2   | 7849 ||| RETREEEEATING.
  7851 | Lair:2   | 7851 ||| RETREEEEATING.
  7853 | Lair:2   | 7853 ||| RETREEEEATING.
  7855 | Lair:2   | 7855 ||| RETREEEEATING.
  7860 | Lair:2   | 7860 ||| RETREEEEATING.
  7862 | Lair:2   | 7862 ||| RETREEEEATING.
  7863 | Lair:2   | 7863 ||| RETREEEEATING.
  7864 | Lair:2   | 7864 ||| RETREEEEATING.
  7866 | Lair:2   | 7866 ||| RETREEEEATING.
  7868 | Lair:2   | 7868 ||| RETREEEEATING.
  7988 | Lair:2   | 7988 ||| RETREEEEATING.
  7991 | Lair:2   | 7991 ||| RETREEEEATING.
  7993 | Lair:2   | 7993 ||| RETREEEEATING.
  7994 | Lair:2   | 7994 ||| RETREEEEATING.
  8000 | Lair:2   | Received a gift from Okawaru
  8117 | Lair:2   | 8117 ||| RETREEEEATING.
  8126 | Lair:2   | 8126 ||| RETREEEEATING.
  8127 | Lair:2   | 8127 ||| RETREEEEATING.
  8137 | Lair:2   | Reached skill level 15 in Dodging
  8144 | Lair:2   | 8144 ||| RETREEEEATING.
  8145 | Lair:2   | 8145 ||| RETREEEEATING.
  8146 | Lair:2   | 8146 ||| RETREEEEATING.
  8147 | Lair:2   | 8147 ||| RETREEEEATING.
  8148 | Lair:2   | 8148 ||| RETREEEEATING.
  8149 | Lair:2   | 8149 ||| RETREEEEATING.
  8150 | Lair:2   | 8150 ||| RETREEEEATING.
  8151 | Lair:2   | 8151 ||| RETREEEEATING.
  8152 | Lair:2   | 8152 ||| RETREEEEATING.
  8153 | Lair:2   | 8153 ||| RETREEEEATING.
  8172 | Lair:2   | Reached skill level 9 in Invocations
  8214 | Lair:2   | Found a staircase to the Swamp.
  8214 | Lair:2   | Noticed an eleionoma
  8215 | Lair:2   | 8215 ||| INVOKING Finesse.
  8227 | Lair:2   | Killed an eleionoma
  8227 | Lair:2   | Received a gift from Okawaru
  8307 | Lair:2   | Reached XP level 12. HP: 60/60 MP: 19/19
  8539 | Lair:2   | Noticed Fannar
  8540 | Lair:2   | 8540 ||| INVOKING Finesse.
  8575 | Lair:2   | Killed Fannar
  8787 | Lair:2   | Noticed an eight-headed hydra
  8788 | Lair:2   | 8788 ||| INVOKING Finesse.
  8799 | Lair:2   | Killed an eight-headed hydra
  9042 | Lair:2   | 9042 ||| UPGRADING to +2 robe of cold resistance.
  9052 | Lair:2   | 9052 ||| READING 2 scrolls of identify.
  9052 | Lair:2   | 9052 ||| IDENTIFYING purple potion
  9153 | Lair:3   | 9153 ||| INVOKING Finesse.
  9154 | Lair:3   | 9154 ||| INVOKING Heroism.
  9230 | Lair:3   | Identified the +0 robe "Usaossy" {rN+ Regen+}
  9518 | Lair:3   | 9518 ||| RETREEEEATING.
  9519 | Lair:3   | 9519 ||| RETREEEEATING.
  9522 | Lair:3   | 9522 ||| RETREEEEATING.
  9525 | Lair:3   | 9525 ||| RETREEEEATING.
  9527 | Lair:3   | 9527 ||| RETREEEEATING.
  9529 | Lair:3   | 9529 ||| RETREEEEATING.
  9589 | Lair:3   | 9589 ||| RETREEEEATING.
  9590 | Lair:3   | 9590 ||| RETREEEEATING.
  9591 | Lair:3   | 9591 ||| RETREEEEATING.
  9593 | Lair:3   | 9593 ||| RETREEEEATING.
  9594 | Lair:3   | 9594 ||| RETREEEEATING.
  9595 | Lair:3   | 9595 ||| RETREEEEATING.
  9596 | Lair:3   | 9596 ||| RETREEEEATING.
  9597 | Lair:3   | 9597 ||| RETREEEEATING.
  9598 | Lair:3   | 9598 ||| RETREEEEATING.
  9599 | Lair:3   | 9599 ||| RETREEEEATING.
  9600 | Lair:3   | 9600 ||| RETREEEEATING.
  9601 | Lair:3   | 9601 ||| RETREEEEATING.
  9602 | Lair:3   | 9602 ||| RETREEEEATING.
  9684 | Lair:3   | 9684 ||| RETREEEEATING.
  9685 | Lair:3   | 9685 ||| RETREEEEATING.
  9686 | Lair:3   | 9686 ||| RETREEEEATING.
  9688 | Lair:3   | 9688 ||| RETREEEEATING.
  9690 | Lair:3   | 9690 ||| RETREEEEATING.
  9696 | Lair:3   | Received a gift from Okawaru
  9715 | Lair:3   | Reached skill level 16 in Dodging
  9939 | Lair:3   | Found a staircase to the Snake Pit.
 10018 | Lair:3   | 10018 ||| DROPPING +0 steam dragon scales.
 10019 | Lair:3   | 10019 ||| READING 2 scrolls of identify.
 10019 | Lair:3   | 10019 ||| IDENTIFYING 3 scrolls labelled JAL QALESM
 10020 | Lair:3   | 10020 ||| READING 3 scrolls of enchant armour.
 10020 | Lair:3   | 10020 ||| ENCHANTING +0 cloak.
 10021 | Lair:3   | 10021 ||| READING 2 scrolls of enchant armour.
 10021 | Lair:3   | 10021 ||| ENCHANTING +1 cloak.
 10068 | Lair:4   | Noticed Urug
 10095 | Lair:4   | Killed Urug
 10277 | Lair:4   | Found a runed translucent door.
 10282 | Lair:4   | Received a gift from Okawaru
 10283 | Lair:4   | Noticed an azure jelly
 10283 | Lair:4   | Noticed an azure jelly
 10549 | Lair:4   | Found a staircase to the Slime Pits.
 10748 | Lair:4   | 10748 ||| RETREEEEATING.
 10753 | Lair:4   | 10753 ||| RETREEEEATING.
 10754 | Lair:4   | 10754 ||| RETREEEEATING.
 10755 | Lair:4   | 10755 ||| RETREEEEATING.
 10876 | Lair:4   | 10876 ||| DROPPING scarf of shadows.
 10877 | Lair:4   | 10877 ||| READING scroll of identify.
 10877 | Lair:4   | 10877 ||| IDENTIFYING green potion
 10878 | Lair:4   | 10878 ||| DROPPING potion of invisibility.
 10912 | Lair:5   | Entered Level 5 of the Lair of Beasts
 10992 | Lair:5   | 10992 ||| RETREEEEATING.
 11000 | Lair:5   | Reached skill level 6 in Fighting
 11005 | Lair:5   | 11005 ||| RETREEEEATING.
 11112 | Lair:5   | 11112 ||| RETREEEEATING.
 11119 | Lair:5   | 11119 ||| RETREEEEATING.
 11120 | Lair:5   | 11120 ||| RETREEEEATING.
 11121 | Lair:5   | 11121 ||| RETREEEEATING.
 11122 | Lair:5   | 11122 ||| RETREEEEATING.
 11123 | Lair:5   | 11123 ||| RETREEEEATING.
 11124 | Lair:5   | 11124 ||| RETREEEEATING.
 11125 | Lair:5   | 11125 ||| RETREEEEATING.
 11127 | Lair:5   | 11127 ||| RETREEEEATING.
 11129 | Lair:5   | 11129 ||| RETREEEEATING.
 11130 | Lair:5   | 11130 ||| RETREEEEATING.
 11132 | Lair:5   | 11132 ||| RETREEEEATING.
 11145 | Lair:5   | 11145 ||| RETREEEEATING.
 11146 | Lair:5   | 11146 ||| RETREEEEATING.
 11148 | Lair:5   | Received a gift from Okawaru
 11168 | Lair:5   | Reached XP level 13. HP: 31/65 MP: 21/21
 11173 | Lair:5   | 11173 ||| RETREEEEATING.
 11174 | Lair:5   | 11174 ||| RETREEEEATING.
 11175 | Lair:5   | 11175 ||| RETREEEEATING.
 11176 | Lair:5   | 11176 ||| RETREEEEATING.
 11177 | Lair:5   | 11177 ||| RETREEEEATING.
 11178 | Lair:5   | 11178 ||| RETREEEEATING.
 11435 | Lair:5   | 11435 ||| RETREEEEATING.
 11440 | Lair:5   | 11440 ||| RETREEEEATING.
 11442 | Lair:5   | 11442 ||| RETREEEEATING.
 11445 | Lair:5   | 11445 ||| RETREEEEATING.
 11446 | Lair:5   | 11446 ||| RETREEEEATING.
 11447 | Lair:5   | 11447 ||| RETREEEEATING.
 11452 | Lair:5   | 11452 ||| RETREEEEATING.
 11469 | Lair:5   | Reached skill level 17 in Dodging
 11477 | Lair:5   | 11477 ||| RETREEEEATING.
 11480 | Lair:5   | 11480 ||| RETREEEEATING.
 11481 | Lair:5   | 11481 ||| RETREEEEATING.
 11482 | Lair:5   | 11482 ||| RETREEEEATING.
 11483 | Lair:5   | 11483 ||| RETREEEEATING.
 11484 | Lair:5   | 11484 ||| RETREEEEATING.
 11485 | Lair:5   | 11485 ||| RETREEEEATING.
 11486 | Lair:5   | 11486 ||| RETREEEEATING.
 11487 | Lair:5   | 11487 ||| RETREEEEATING.
 11488 | Lair:5   | 11488 ||| RETREEEEATING.
 11489 | Lair:5   | 11489 ||| RETREEEEATING.
 11490 | Lair:5   | 11490 ||| RETREEEEATING.
 11491 | Lair:5   | 11491 ||| RETREEEEATING.
 11492 | Lair:5   | 11492 ||| RETREEEEATING.
 11493 | Lair:5   | 11493 ||| RETREEEEATING.
 11494 | Lair:5   | 11494 ||| RETREEEEATING.
 11495 | Lair:5   | 11495 ||| RETREEEEATING.
 11496 | Lair:5   | 11496 ||| RETREEEEATING.
 11497 | Lair:5   | 11497 ||| RETREEEEATING.
 11498 | Lair:5   | 11498 ||| RETREEEEATING.
 11507 | Lair:5   | 11507 ||| RETREEEEATING.
 11758 | Lair:5   | Received a gift from Okawaru
 11804 | Lair:5   | 11804 ||| RETREEEEATING.
 11805 | Lair:5   | 11805 ||| RETREEEEATING.
 11806 | Lair:5   | 11806 ||| RETREEEEATING.
 11807 | Lair:5   | 11807 ||| RETREEEEATING.
 11808 | Lair:5   | 11808 ||| RETREEEEATING.
 11809 | Lair:5   | 11809 ||| RETREEEEATING.
 11810 | Lair:5   | 11810 ||| INVOKING Finesse.
 11820 | Lair:5   | Reached skill level 18 in Dodging
 12122 | Lair:5   | 12122 ||| RETREEEEATING.
 12123 | Lair:5   | 12123 ||| RETREEEEATING.
 12125 | Lair:5   | 12125 ||| RETREEEEATING.
 12128 | Lair:5   | 12128 ||| RETREEEEATING.
 12132 | Lair:5   | 12132 ||| RETREEEEATING.
 12135 | Lair:5   | 12135 ||| RETREEEEATING.
 12137 | Lair:5   | Reached ****** piety under Okawaru
 12176 | Lair:5   | 12176 ||| RETREEEEATING.
 12177 | Lair:5   | 12177 ||| RETREEEEATING.
 12204 | Lair:5   | Received a gift from Okawaru
 12220 | Lair:5   | Reached skill level 19 in Dodging
 12224 | Lair:5   | 12224 ||| INVOKING Receive Weapon.
 12224 | Lair:5   | 12224 ||| ACQUIRING +2 orcbow of flaming
 12224 | Lair:5   | Acquired a +2 orcbow of flaming
 12224 | Lair:5   | Received a gift from Okawaru
 12225 | Lair:5   | 12225 ||| INVOKING Receive Armour.
 12225 | Lair:5   | 12225 ||| ACQUIRING +5 robe of the Cricket {rF+ Will-
                  | Int+4}
 12225 | Lair:5   | Acquired the +5 robe of the Cricket {rF+ Will- Int+4}
 12225 | Lair:5   | Received a gift from Okawaru
 12227 | Lair:5   | 12227 ||| SWAPPING to +2 orcbow of flaming.
 12228 | Lair:5   | 12228 ||| DROPPING +0 shortbow of freezing.
 12460 | Lair:5   | 12460 ||| PLANNING D:1-11
 12460 | Lair:5   | 12460 ||| DROPPING +0 robe "Usaossy" {rN+ Regen+}.
 12461 | Lair:5   | 12461 ||| UPGRADING to +5 robe of the Cricket {rF+ Will-
                  | Int+4}.
 12471 | Lair:5   | 12471 ||| DROPPING +2 robe of cold resistance.
 12472 | Lair:5   | 12472 ||| READING scroll of identify.
 12472 | Lair:5   | 12472 ||| IDENTIFYING scroll labelled DULABO DENOPN
 12473 | Lair:5   | 12473 ||| READING scroll of enchant weapon.
 12473 | Lair:5   | 12473 ||| ENCHANTING +2 orcbow of flaming.
 12691 | D:9      | 12691 ||| RETREEEEATING.
 12867 | D:9      | 12867 ||| INVOKING Finesse.
 13051 | D:9      | Found a radiant altar of Vehumet.
 13103 | D:9      | 13103 ||| UPGRADING to scarf of resistance.
 13113 | D:9      | 13113 ||| READING scroll labelled BEGHEMM TY TOJ.
 13226 | D:10     | Entered Level 10 of the Dungeon
 13578 | D:10     | Found a staircase to the Orcish Mines.
 14091 | D:10     | 14091 ||| DROPPING ring of magical power.
 14092 | D:10     | 14092 ||| READING scroll of identify.
 14092 | D:10     | 14092 ||| IDENTIFYING viscous clear potion
 14161 | D:11     | Received a gift from Okawaru
 14162 | D:11     | Reached skill level 15 in Ranged Weapons
 14177 | D:11     | Noticed Grum
 14188 | D:11     | Killed Grum
 14490 | D:11     | 14490 ||| RETREEEEATING.
 14575 | D:11     | Reached XP level 14. HP: 72/72 MP: 22/22
 14895 | D:11     | 14895 ||| PLANNING D
 14924 | D:12     | 14924 ||| STAIRDANCE
 15065 | D:12     | Noticed Josephine
 15076 | D:12     | 15076 ||| RETREEEEATING.
 15079 | D:12     | Killed Josephine
 15440 | D:13     | 15440 ||| STAIRDANCE
 15568 | D:13     | Received a gift from Okawaru
 15684 | D:13     | 15684 ||| RETREEEEATING.
 15791 | D:13     | Found a gate to the Vaults.
 15808 | D:13     | HP: 4/72 [orc knight/+0 war axe (18)]
 15809 | D:13     | 15809 ||| READING 4 scrolls of teleportation.
 15810 | D:13     | 15810 ||| DRINKING 5 potions of heal wounds.
 16063 | D:13     | 16063 ||| READING scroll labelled UROOCUE MI LOS.
 16172 | D:14     | 16172 ||| RETREEEEATING.
 16177 | D:14     | 16177 ||| RETREEEEATING.
 16180 | D:14     | Reached skill level 20 in Dodging
 16204 | D:14     | HP: 14/72 [skeletal warrior/+0 war axe (17)]
 16205 | D:14     | 16205 ||| READING 3 scrolls of teleportation.
 16206 | D:14     | 16206 ||| DRINKING 4 potions of heal wounds.
 16332 | D:14     | 16332 ||| INVOKING Finesse.
 16341 | D:14     | Received a gift from Okawaru
 16824 | D:14     | Noticed Rupert
 16825 | D:14     | 16825 ||| INVOKING Finesse.
 16843 | D:14     | Killed Rupert
 16843 | D:14     | Received a gift from Okawaru
 17097 | D:14     | 17097 ||| READING scroll labelled OMUONA FUGGE.
 17102 | D:15     | Entered Level 15 of the Dungeon
 17147 | D:15     | 17147 ||| Stepping ~*~*~tactically~*~*~ (cloud).
 17154 | D:15     | Reached skill level 21 in Dodging
 17194 | D:15     | Received a gift from Okawaru
 17216 | D:15     | 17216 ||| Stepping ~*~*~tactically~*~*~ (cloud).
 17432 | D:15     | Found a staircase to the Depths.
 17444 | D:15     | 17444 ||| RETREEEEATING.
 17446 | D:15     | Noticed a ghost moth
 17447 | D:15     | 17447 ||| INVOKING Finesse.
 17455 | D:15     | HP: 14/73 [ghost moth (shapeshifter) (7)]
 17456 | D:15     | 17456 ||| READING 2 scrolls of teleportation.
 17457 | D:15     | 17457 ||| DRINKING 4 potions of heal wounds.
 17458 | D:15     | Killed a ghost moth
 17467 | D:15     | 17467 ||| FLEEEEING.
 17468 | D:15     | 17468 ||| RETREEEEATING.
 17469 | D:15     | 17469 ||| FLEEEEING.
 17469 | D:15     | HP: 8/73 [yaktaur/bolt (20)]
 17470 | D:15     | 17470 ||| READING scroll of teleportation.
 17470 | D:15     | Shot with a bolt by a yaktaur

Levels and vault maps discovered:
D:1:      roadster_arrival_rocket_large, layout_loops_corners, serial_shops,
          shop
D:2:      layout_rooms, serial_undead, serial_undead_f, serial_undead_c,
          serial_undead_e, serial_undead_b, serial_undead_a, serial_undead_d
D:3:      gammafunk_steamed_eel, layout_loops_ring, serial_shops,
          nicolae_shop_advertising_works [nicolae_subvault_shop_adworks],
          hangedman_decor_peaks_small
D:4:      layout_loops_ring, nicolae_dithmenos_the_darkroom,
          lemuel_flame_loot_1, uniq_blork_the_orc
D:5:      layout_basic, minmay_misc_feat_tiny
D:6:      layout_basic, mainiacjoe_overflow_24_doors,
          gammafunk_temple_overflow_claw, minmay_misc_feat_alley,
          kennysheep_another_room, uniq_maggie
D:7:      layout_loops_corners, minmay_temple_entry_mist,
          gammafunk_ghost_nasty_kobolds
D:8:      layout_basic, grunt_lair_entry_orc_guard_hut, serial_shops, shop
D:9:      layout_basic, mainiacjoe_overflow_six_doors_small
D:10:     layout_loops_ring, hiddenorc1_lemuel
D:11:     layout_basic, minivault_12, uniq_grum
D:12:     layout_cave_pools, uniq_josephine
D:13:     layout_cross, david_vaults_1
D:14:     layout_long_grid, kennysheep_small_spiral, uniq_rupert
D:15:     hangedman_crystal_crosses_colossus [crystal_crosses_arms_two,
          crystal_crosses_arms_one, crystal_crosses_arms_one]
Temple:   nicolae_temple_x_marks_the_god
Lair:1:   layout_chaotic_city, beast_lair_carwin_1
Lair:2:   layout_chaotic_city, alex1729_swamp_entry_worm_eleionoma,
          serial_bayou_shore_a, grunt_megastairs_3, uniq_fannar
Lair:3:   layout_concentric_octagons, nicolae_snake_entry_squirm
Lair:4:   layout_regular_city, slime_entry_2, serial_bayou_shore_b, uniq_urug
Lair:5:   wormcave, layout_long_grid, special_room [special_room_mythical_zoo]

Skill      XL: |  1  2  3  4  5  6  7  8  9 10 11 12 13 14 |
---------------+-------------------------------------------+-----
Dodging        | 3 4 6 7 9 10 12 13 15 16 19 21 | 21.6
Ranged Weapons | 5 6 7 9 10 12 14 15 16 | 16.0
Fighting       | 2 3 4 5 6 7 8 |  8.0
Armour         | 1 |  1.3
Invocations    | 4 5 9 10 | 10.0
Stealth        | |  1.5

Action                     |  1- 3 |  4- 6 |  7- 9 | 10-12 | 13-15 || total
---------------------------+-------+-------+-------+-------+-------++-------
   Fire: Shortbow          |   108 |   122 |   360 |  1060 |   443 ||  2093
         Orcbow            |       |       |       |       |   786 ||   786
 Invoke: Heroism           |       |       |     1 |     5 |       ||     6
         Finesse           |       |       |       |    11 |     5 ||    16
         Receive Weapon    |       |       |       |       |     1 ||     1
         Receive Armour    |       |       |       |       |     1 ||     1
  Evoke: Wand              |       |       |     1 |       |       ||     1
    Use: Scroll            |     2 |     5 |    11 |     7 |    10 ||    35
         Potion            |     1 |     2 |     2 |     2 |     3 ||    10
 Armour: Robe              |     6 |    22 |    14 |    23 |    95 ||   160
         Steam dragon scal |       |       |    13 |    42 |       ||    55
  Dodge: Dodged            |    35 |    63 |   155 |   495 |   563 ||  1311

Table legend:
 A = Non-vault XP
 B = Vault XP
 C = Vault XP percentage of total XP
 D = Non-vault monster count
 E = Vault monster count
 F = Vault count percentage of total count
                 A         B        C        D         E       F
            +---------+---------+-------+---------+---------+-------
      Total |   68427 |   30160 |  30.6 |     380 |     110 |  22.4
            +---------+---------+-------+---------+---------+-------
        D:1 |      36 |       0 |   0.0 |      18 |       0 |   0.0
        D:2 |      47 |      14 |  23.0 |      18 |       9 |  33.3
        D:3 |     383 |       0 |   0.0 |      29 |       0 |   0.0
        D:4 |     230 |      99 |  30.1 |      14 |       1 |   6.7
        D:5 |     661 |       0 |   0.0 |      22 |       0 |   0.0
        D:6 |     157 |     428 |  73.2 |       5 |       1 |  16.7
        D:7 |     737 |       0 |   0.0 |      15 |       0 |   0.0
        D:8 |    1230 |     856 |  41.0 |      22 |       6 |  21.4
        D:9 |    3482 |       0 |   0.0 |      27 |       0 |   0.0
       D:10 |    1850 |     374 |  16.8 |      18 |      17 |  48.6
       D:11 |    3541 |     669 |  15.9 |      24 |       5 |  17.2
       D:12 |    4772 |    1909 |  28.6 |      15 |       6 |  28.6
       D:13 |    2701 |    2864 |  51.5 |      11 |       5 |  31.2
       D:14 |   10325 |    1879 |  15.4 |      18 |       1 |   5.3
       D:15 |       0 |    8922 | 100.0 |       0 |      17 | 100.0
     Lair:1 |    8421 |    2603 |  23.6 |      27 |      10 |  27.0
     Lair:2 |    6660 |    2435 |  26.8 |      26 |       4 |  13.3
     Lair:3 |    5476 |     467 |   7.9 |      21 |       3 |  12.5
     Lair:4 |    3668 |     782 |  17.6 |      14 |       1 |   6.7
     Lair:5 |   14050 |    5859 |  29.4 |      36 |      24 |  40.0
            +---------+---------+-------+---------+---------+-------
